Map: King's Cove LE

Players

SandboX - Winner!

  • Race: Zerg Zerg
  • League: Gold
  • Spawn Location: 5:00

YodaSlim

  • Race: Protoss Protoss
  • League: Diamond
  • Spawn Location: 11:00

VOD

Have the link to the VOD?

Description

Time

  • Played on: Aug. 10, 2019, 4:37 p.m.
  • Length: 11:21
Show
View Real Time Build Order
Export as new Build Order

SandboX Zerg - Winner!

Build Orders: Hatch First 

Get SALT Encoding   

  12  0:01  Drone  
  13  0:12  Drone  
  14  0:18  Overlord  
  14  0:36  Drone  
  14  0:37  Drone x2  
  17  0:58  Hatchery  
  17  1:02  Drone  
  17  1:03  Drone  
  18  1:06  Extractor  
  17  1:18  Spawning Pool  
  17  1:21  Drone  
  17  1:24  Drone  
  18  1:31  Drone  
  19  1:41  Overlord  
  19  1:52  Drone  
  20  2:05  Zergling x2  
  20  2:07  Queen  
  23  2:11  Zergling x2, Queen  
  26  2:16  Metabolic Boost  
  26  2:20  Drone  
  27  2:23  Drone  
  28  2:35  Drone x3  
  31  2:53  Hatchery  
  31  2:58  Drone x2  
  32  3:00  Drone  
  33  3:12  Overlord  
  33  3:13  Overlord  
  33  3:15  Drone  
  33  3:16  Drone  
  35  3:29  Drone  
  35  3:32  Drone x4  
  35  3:33  Drone  
  41  3:34  Overlord  
  41  3:42  Roach Warren  
  41  3:46  Zergling x4  
  40  3:54  Zergling x2  
  40  3:55  Zergling x6  
  38  4:04  Spore Crawler  
  38  4:06  Spore Crawler  
  35  4:22  Roach x6  
  47  4:36  Queen  
  49  4:39  Drone x4  
  53  4:56  Extractor  
  53  4:59  Extractor  
  51  5:04  Drone  
  51  5:05  Drone x8  
  60  5:09  Overlord  
  60  5:15  Overlord  
  60  5:27  Overlord x2  
  60  5:30  Roach  
  60  5:34  Drone x4  
  66  5:37  Overlord  
  66  5:56  Drone x8  
  74  6:07  Extractor  
  74  6:09  Drone x10  
  74  6:11  Extractor  
  82  6:16  Lair, Extractor  
  81  6:23  Evolution Chamber  
  80  6:27  Evolution Chamber  
  79  6:50  Drone x7  
  79  6:54  Roach  
  88  6:55  Overlord x6  
  88  7:03  Overlord x3  
  88  7:17  Spore Crawler  
  88  7:19  Spore Crawler  
  88  7:21  Spore Crawler  
  85  7:23  Spore Crawler  
  84  7:42  Hydralisk Den  
  83  7:46  Roach  
  83  7:47  Roach x13  
  111  7:54  Zerg Ground Armor Level 1, Zerg Missile Weapons Level 1  
  111  8:05  Roach x6  
  123  8:13  Hydralisk x3  
  129  8:21  Hydralisk x3  
  135  8:38  Spore Crawler  
  135  8:39  Overlord  
  135  8:40  Spore Crawler  
  133  8:43  Spore Crawler  
  133  8:45  Hydralisk x6  
  144  8:59  Overseer x4  
  144  9:06  Hydralisk x4  
  152  9:21  Overlord x5  
  130  9:45  Hydralisk x2  
  130  9:46  Hydralisk x6  
  130  9:48  Overlord  
  146  10:05  Hydralisk x5  
  154  10:28  Roach x9  
  154  10:29  Roach x2  
  156  10:39  Roach x4  
  150  10:55  Roach x7  
  160  11:18  Hatchery  
Show
View Real Time Build Order
Export as new Build Order

YodaSlim Protoss 

Build Orders:  

Get SALT Encoding   

  1  0:00  Probe  
  12  0:05  Probe  
  14  0:22  Pylon  
  14  0:41  Gateway  
  14  0:45  Probe  
  14  0:49  Assimilator  
  15  0:53  Pylon  
  15  0:57  Probe  
  16  1:28  Cybernetics Core  
  16  1:34  Probe  
  17  1:42  Zealot, Probe  
  20  1:51  Probe  
  21  2:03  Probe  
  22  2:10  Adept  
  22  2:15  Probe, Nexus  
  25  2:27  Probe  
  26  2:32  Gateway  
  25  2:37  Adept  
  27  2:55  Probe  
  28  2:58  Assimilator  
  28  3:01  Robotics Facility  
  28  3:07  Probe  
  31  3:14  Stalker  
  31  3:26  Probe  
  32  3:30  Probe, Shield Battery  
  32  3:32  Pylon  
  32  3:38  Probe  
  32  3:39  Probe  
  35  3:48  Probe  
  36  4:00  Probe  
  33  4:21  Warp Gate  
  33  4:27  Observer  
  33  4:28  Zealot, Pylon  
  33  4:31  Sentry  
  36  4:38  Probe  
  38  4:40  Probe  
  40  4:46  Probe  
  41  4:53  Probe  
  41  4:55  Probe  
  43  5:04  Stalker  
  43  5:05  Probe  
  46  5:09  Gateway  
  46  5:11  Gateway  
  46  5:13  Gateway  
  46  5:17  Pylon  
  46  5:20  Pylon  
  46  5:32  Assimilator, Probe  
  46  5:34  Assimilator  
  47  5:44  Probe  
  48  5:56  Probe  
  49  6:02  Warp Prism  
  51  6:05  Stargate  
  51  6:08  Probe  
  52  6:21  Probe  
  52  6:24  Zealot x2  
  52  6:25  Zealot x3  
  63  6:33  Probe  
  64  6:45  Probe  
  65  6:57  Probe  
  66  7:05  Stalker x2  
  66  7:06  Stalker x3  
  76  7:15  Pylon  
  76  7:17  Pylon  
  76  7:18  Pylon  
  76  7:33  Oracle, Twilight Council  
  79  7:42  Zealot x2  
  79  7:43  Zealot x3  
  89  7:46  Nexus  
  89  8:01  Stalker x5  
  99  8:10  Oracle  
  102  8:26  Charge  
  102  8:33  Pylon  
  102  8:36  Pylon  
  102  8:40  Pylon  
  102  8:48  Shield Battery  
  102  8:50  Shield Battery, Pylon  
  102  9:08  Stalker x5  
  56  9:48  Stalker x5  
  66  9:58  Gateway  
  66  10:01  Gateway  
  66  10:02  Gateway  
  66  10:04  Gateway  
  66  10:07  Gateway  
  66  10:13  Stalker x5  
  74  10:32  Zealot x4  
  50  10:56  Zealot  
  46  10:59  Stalker x2  
  46  11:00  Stalker x4  
  46  11:01  Stalker  
  46  11:02  Stalker  
  33  11:17  Zealot x3  
Tags
 
Add a new tag
Caveats
  • Supply blocks, unpowered buildings, or Contaminate may cause inaccurate times.
  • Supply counts are checked every 10 seconds.